 Dungeon Sprint DCSS version 0.30-a0-778-g2ef04afb54 (webtiles) character file.

Game seed: 1330687412800482803

278 BigDaddyOpFi the Nimble (level 10, -15/81 HPs)
             Began as an Octopode Fighter on Feb 16, 2023.
             Demolished by an alligator (23 damage)
             ... in the Dungeon (Sprint VI: "Thunderdome").
             The game lasted 00:04:21 (676 turns).

BigDaddyOpFi the Nimble (Octopode Fighter)           Turns: 676, Time: 00:04:21

Health: -15/81     AC:  9    Str: 23    XL:     10   Next: 37%
Magic:  0/10       EV: 17    Int: 25    God:
Gold:   25         SH: 12    Dex: 13    Spells: 9/9 levels left

rFire   + + +      SeeInvis .    e - +0 broad axe (venom)
rCold   . . .      Faith    .    c - +0 kite shield
rNeg    + . .      Spirit   +    (helmet restricted)
rPois   +          Reflect  .    p - amulet of the Ancients {Spirit rPois}
rElec   +          Harm     .    n - ring "Zuquze" {rN+ AC+4 Str+4 Dex+2}
rCorr   +          Rampage  .    q - ring "Foegush" {*Slow rF+ rCorr Int+3}
Will    .....      NoTele   +    r - ring "Uvonud" {rElec rF+++ rC- AC+4 Int+5}
Stlth   ++                       h - ring of Balance {rC+ Int+5}
HPRegen 0.33/turn                (no ring)
MPRegen 0.12/turn                (no ring)
                                 (no ring)
                                 (no ring)

@: hasted, very quick
A: almost no armour, amphibious, 8 rings, camouflage 1, gelatinous body 1,
(nimble swimmer 1), tentacles
a: no special abilities


You were in the Dungeon.
You visited 1 branch You collected 600 gold pieces.
You spent 575 gold pieces at shops.

Inventory:

Hand Weapons
 a - a +0 war axe
 e - a +0 broad axe of venom (weapon)
Armour
 b - a +0 buckler
 c - a +0 kite shield (worn)
Jewellery
 h - the ring of Balance (on tentacle) {rC+ Int+5}
   (You bought it in a shop in the Dungeon)

   [ring of protection from cold]

   Int:       It affects your intelligence (+5).
   rC:        It protects you from cold.
 n - the ring "Zuquze" (left tentacle) {rN+ AC+4 Str+4 Dex+2}
   (You bought it in a shop in the Dungeon)

   [ring of protection]

   AC:        It affects your AC (+4).
   Str:       It affects your strength (+4).
   Dex:       It affects your dexterity (+2).
   rN:        It protects you from negative energy.
 o - the ring "Qabbarru" {Ice rN+ Str-3 SInv}
   (You bought it in a shop in the Dungeon)

   [ring of ice]

   It enhances your ice magic.
   Str:       It affects your strength (-3).
   rF:        It makes you vulnerable to fire.
   rC:        It protects you from cold.
   rN:        It protects you from negative energy.
   SInv:      It lets you see invisible.
 p - the amulet of the Ancients (around mantle) {Spirit rPois}
   (You bought it in a shop in the Dungeon)

   [amulet of guardian spirit]

   It causes incoming damage to be divided between your reserves of health and
   magic.
   rPois:     It protects you from poison.
 q - the ring "Foegush" (right tentacle) {*Slow rF+ rCorr Int+3}
   (You bought it in a shop in the Dungeon)

   [ring of protection from fire]

   Int:       It affects your intelligence (+3).
   rF:        It protects you from fire.
   rCorr:     It protects you from acid and corrosion.
   *Slow:     It may slow you when you take damage.
 r - the ring "Uvonud" (on tentacle) {rElec rF+++ rC- AC+4 Int+5}
   (You bought it in a shop in the Dungeon)

   [ring of protection]

   AC:        It affects your AC (+4).
   Int:       It affects your intelligence (+5).
   rF:        It renders you almost immune to fire.
   rC:        It makes you vulnerable to cold.
   rElec:     It insulates you from electricity.
 s - the ring of Cazonet {rC+ Int+6 Dex+2 Slay-2 SInv}
   (You bought it in a shop in the Dungeon)

   [ring of intelligence]

   Int:       It affects your intelligence (+6).
   Dex:       It affects your dexterity (+2).
   Slay:      It affects your accuracy & damage with ranged weapons and melee
   (-2).
   rC:        It protects you from cold.
   SInv:      It lets you see invisible.
 t - the ring "Mympir" {rPois Will+ rCorr Int-3 Dex-5}
   (You bought it in a shop in the Dungeon)

   [ring of willpower]

   Int:       It affects your intelligence (-3).
   Dex:       It affects your dexterity (-5).
   rPois:     It protects you from poison.
   rCorr:     It protects you from acid and corrosion.
   Will:      It increases your willpower.
Wands
 l - a wand of iceblast (5)
Scrolls
 i - a scroll of blinking
 m - 3 scrolls of fog
Potions
 f - 2 potions of haste
 g - 3 potions of magic
 j - a potion of resistance


   Skills:
 + Level 12.5 Fighting
 + Level 12.3 Axes
 + Level 12.5 Dodging
 + Level 12.5 Shields


You had 9 spell levels left.
You didn't know any spells.
Your spell library was empty.

Dungeon Overview and Level Annotations

Branches:
Dungeon (1/1)

Altars:
Cheibriados
Dithmenos
Fedhas
Gozag
Kikubaaqudgha
Makhleb
Okawaru
Qazlal
Ru
Sif Muna
Trog
Uskayaw
Vehumet
Wu Jian
Xom
Yredelemnul
Zin
The Shining One
Lugonu

Shops:
D *[??*?*:[((!!!!

Annotations:
D Lernaean hydra


Innate Abilities, Weirdness & Mutations

You cannot wear most types of armour.
You are amphibious.
You can wear up to eight rings at the same time.
Your skin changes colour to match your surroundings (Stealth+).
Your rubbery body absorbs attacks. (AC +1, EV +1)
((You are camouflaged when in or above water. (Stealth+)))
You have tentacles for arms and can constrict up to eight enemies at once.


Message History

The alligator is lightly wounded.
Aiming: Corrosive Bolt
Press: ? - help, Q - select action, (/) - cycle Shift-Dir - straight line, f/p - alligator
Aim: an alligator (lightly wounded, covered in acid, 75% to hit)
The bolt of acid hits the alligator!
The alligator seems to be corroded for longer.
The alligator is moderately wounded.
You slash the alligator!
The alligator looks as sick as possible!
The alligator is heavily wounded.
The alligator bites you!!
* * * LOW HITPOINT WARNING * * *
You block the alligator's attack.
Okay, then.
Blink to where?
Press: ? - help, Dir - move target, p - alligator
As you read the scroll of blinking, it crumbles to dust.
Blink to where?
Press: ? - help, Dir - move target
As you read the scroll of blinking, it crumbles to dust.
The eleionoma shouts!
Aiming: Corrosive Bolt
Press: ? - help, Q - select action, (/) - cycle Shift-Dir - straight line, f - eleionoma
Aim: an eleionoma (71% to hit)
The bolt of acid hits the eleionoma!
The acid corrodes the eleionoma!
The eleionoma is lightly wounded.
The now-empty wand crumbles to dust.
You feel as though your hastened speed will last longer. 20...
The eleionoma is no longer covered in acid.
The alligator puts on a burst of speed! 15...
Things that are here:
a +0 spear; a hornet corpse The alligator is no longer covered in acid.
You hit the alligator.
The alligator looks as sick as possible!
The alligator is almost dead.
The alligator bites you!!
You die...

#⌠........[[# #.<.# #..........
#⌠........[.###...###..........
##.......÷.....###.............
###∩.....)..8.# #.8R.......∩##
##∩.__......###......___∩##
######.8.........8.######
#⌠....)......⌠# ###[.t......###
#_.@....._# #........_#
#_...)....# #∩..)....∩#
##∩.....∩## ##.....## ##⌠⌠⌠##
#####


You could see an eleionoma and an alligator (swift, extremely poisoned).

Vanquished Creatures
  A dancing weapon (D)
  A spriggan (D)
  2 deep elf zephyrmancers (D)
  3 deep elf pyromancers (D)
  A komodo dragon (D)
  A hornet (D)
  A tyrant leech (D)
  A wraith (D)
  A vampire mosquito (D)
  2 gnoll sergeants (D)
  A wight (D)
  2 howler monkeys (D)
  Crazy Yiuf (D)
  An orc priest (D)
  Jessica (D)
  Terence (D)
  An adder (D)
  2 gnolls (D)
  An orc (D)
  A hobgoblin (D)
  A jackal (D)
27 creatures vanquished.

Notes
Turn   | Place    | Note
-------+----------+-------------------------------------------
     0 | D        | BigDaddyOpFi the Octopode Fighter began the quest for the
                  | Orb.
     0 | D        | Reached XP level 1. HP: 16/16 MP: 1/1
     3 | D        | Found a snail-covered altar of Cheibriados.
     4 | D        | Found a blossoming altar of Fedhas.
     4 | D        | Found an iron altar of Okawaru.
     5 | D        | Found a shimmering blue altar of Sif Muna.
     5 | D        | Round 1.
     6 | D        | Found a sacrificial altar of Ru.
     6 | D        | Found a glowing silver altar of Zin.
     6 | D        | Found Rehusuf's Identification Station.
     7 | D        | Found Mem Egra's Jewellery.
     7 | D        | Found Tuk Foav's Advanced Armour.
    15 | D        | Bought a clouded platinum ring for 45 gold pieces
    15 | D        | Identified the ring "Zuquze" {rN+ AC+4 Str+4 Dex+2} (You
                  | bought it in a shop in the Dungeon)
    15 | D        | Bought a bound lead ring for 45 gold pieces
    15 | D        | Identified the ring "Qabbarru" {Ice rN+ Str-3 SInv} (You
                  | bought it in a shop in the Dungeon)
    15 | D        | Bought a bound copper amulet for 45 gold pieces
    15 | D        | Identified the amulet of the Ancients {Spirit rPois} (You
                  | bought it in a shop in the Dungeon)
    15 | D        | Bought a bound marble ring for 45 gold pieces
    15 | D        | Identified the ring "Foegush" {*Slow rF+ rCorr Int+3} (You
                  | bought it in a shop in the Dungeon)
    35 | D        | Noticed a gnoll sergeant
    40 | D        | Found a basalt altar of Yredelemnul.
    42 | D        | Noticed Crazy Yiuf
    44 | D        | Noticed a gnoll sergeant
    46 | D        | Killed a gnoll sergeant
    47 | D        | Reached XP level 2. HP: 19/23 MP: 2/2
    47 | D        | Reached XP level 3. HP: 22/27 MP: 3/3
    47 | D        | Reached XP level 4. HP: 28/34 MP: 4/4
    48 | D        | Killed Crazy Yiuf
    49 | D        | Reached skill level 5 in Fighting
    49 | D        | Reached skill level 5 in Dodging
    49 | D        | Reached skill level 5 in Shields
    49 | D        | Found Zuhuhuli's Magic Scroll Shop.
    54 | D        | Killed a gnoll sergeant
    55 | D        | Reached skill level 5 in Axes
    55 | D        | Reached XP level 5. HP: 24/41 MP: 3/5
    55 | D        | Found a stormy altar of Qazlal.
    55 | D        | Found a burning altar of Makhleb.
    55 | D        | Found Gyepheot's Staff Store.
    55 | D        | Found Laqat's Magic Scroll Shop.
    55 | D        | Found Malaripn's Must-Have Magic.
    94 | D        | Arena points: 12 (+12) [x2]
   171 | D        | Round 2.
   176 | D        | Found a shadowy altar of Dithmenos.
   178 | D        | Found a hide-covered altar of Uskayaw.
   179 | D        | Found Zoiparhyss's Premium Goods.
   181 | D        | Found a shimmering altar of Xom.
   181 | D        | Found a radiant altar of Vehumet.
   181 | D        | Found Esey's Weapon Rack.
   182 | D        | Found Dawn's Miscellaneous Merchandise.
   182 | D        | Found Igiarucu's Basic Armour.
   185 | D        | Found an opulent altar of Gozag.
   186 | D        | Found a glowing golden altar of the Shining One.
   187 | D        | Found a corrupted altar of Lugonu.
   188 | D        | Found Keyr's Do-It-Yourself Clinic.
   189 | D        | Found Pur Rerye's Bottled Wisdom.
   189 | D        | Found Tesava's Distillery.
   189 | D        | Found an ornate altar of the Wu Jian Council.
   189 | D        | Found a bloodstained altar of Trog.
   189 | D        | Found an ancient bone altar of Kikubaaqudgha.
   189 | D        | Found Kyruiril's Distillery.
   242 | D        | Noticed Jessica
   247 | D        | Killed Jessica
   248 | D        | Reached XP level 6. HP: 45/47 MP: 6/6
   258 | D        | Noticed Terence
   289 | D        | Killed Terence
   289 | D        | Arena points: 54 (+42) [x3]
   303 | D        | Bought a heavily runed brass ring for 45 gold pieces
   303 | D        | Identified the ring "Uvonud" {rElec rF+++ rC- AC+4 Int+5}
                  | (You bought it in a shop in the Dungeon)
   303 | D        | Bought a coiled bronze ring for 45 gold pieces
   303 | D        | Identified the ring of Cazonet {rC+ Int+6 Dex+2 Slay-2
                  | SInv} (You bought it in a shop in the Dungeon)
   324 | D        | Round 3.
   354 | D        | Noticed a komodo dragon
   363 | D        | Noticed a wraith
   374 | D        | Killed a komodo dragon
   375 | D        | Reached XP level 7. HP: 55/55 MP: 1/7
   375 | D        | Killed a wraith
   400 | D        | Arena points: 138 (+84) [x4]
   415 | D        | Bought a heavily runed copper ring for 45 gold pieces
   415 | D        | Identified the ring of Balance {rC+ Int+5} (You bought it
                  | in a shop in the Dungeon)
   418 | D        | Bought a scorched glass ring for 45 gold pieces
   418 | D        | Identified the ring "Mympir" {rPois Will+ rCorr Int-3
                  | Dex-5} (You bought it in a shop in the Dungeon)
   436 | D        | Round 4.
   446 | D        | Noticed a deep elf pyromancer
   456 | D        | Noticed a fire elemental
   456 | D        | Killed a deep elf pyromancer
   457 | D        | Reached XP level 8. HP: 59/63 MP: 8/8
   457 | D        | Noticed a deep elf zephyrmancer
   465 | D        | Killed a deep elf zephyrmancer
   466 | D        | Reached skill level 10 in Fighting
   466 | D        | Reached skill level 10 in Axes
   466 | D        | Reached skill level 10 in Dodging
   466 | D        | Reached skill level 10 in Shields
   476 | D        | Noticed a deep elf pyromancer
   489 | D        | Killed a deep elf pyromancer
   490 | D        | Reached XP level 9. HP: 61/71 MP: 7/9
   495 | D        | Noticed a deep elf zephyrmancer
   501 | D        | Noticed a deep elf pyromancer
   505 | D        | Killed a deep elf zephyrmancer
   505 | D        | Noticed a +3 mace of protection
   520 | D        | Killed a deep elf pyromancer
   524 | D        | Killed a +3 mace of protection
   524 | D        | Arena points: 278 (+140) [x5]
   525 | D        | Reached XP level 10. HP: 24/80 MP: 2/10
   538 | D        | Bought a +0 broad axe for 120 gold pieces
   563 | D        | Round 5.
   564 | D        | Bought a scroll of brand weapon for 95 gold pieces
   572 | D        | Noticed the 27-headed Lernaean hydra
   602 | D        | Noticed an alligator
   613 | D        | Noticed an eleionoma
   626 | D        | Noticed a spriggan rider
   644 | D        | Killed a spriggan rider
   648 | D        | HP: 2/81 [alligator (22)]
   676 | D        | Demolished by an alligator

Illustrated notes

Levels and vault maps discovered:
D:        arena_sprint

Skill      XL: |  1  2  3  4  5  6  7  8  9 10 |
---------------+-------------------------------+-----
Fighting       | 4 6 8 9 10 11 12 | 12.5
Axes           | 4 5 6 7 9 10 11 12 | 12.3
Dodging        | 4 6 8 9 10 11 12 | 12.5
Shields        | 4 6 8 9 10 11 12 | 12.5

Action                     |  1- 3 |  4- 6 |  7- 9 | 10-12 || total
---------------------------+-------+-------+-------+-------++-------
  Melee: War axe           |     5 |    32 |    37 |       ||    74
         Tentacles         |     2 |    10 |    11 |     3 ||    26
         Constrict         |     1 |     6 |     8 |     2 ||    17
         Broad axe         |       |       |       |    13 ||    13
  Evoke: Wand              |       |       |       |     5 ||     5
    Use: Potion            |     1 |     4 |     1 |     3 ||     9
         Scroll            |       |       |       |     4 ||     4
 Armour: Skin              |     1 |     5 |     8 |     2 ||    16
  Dodge: Dodged            |     2 |    10 |    17 |     5 ||    34
  Block: Buckler           |     3 |     2 |       |       ||     5
         Kite shield       |       |     8 |    26 |     9 ||    43

Table legend: (Time is in decaauts)
 A = Elapsed time spent in this place.
 B = Non-inter-level travel time spent in this place.
 C = Inter-level travel time spent in this place.
 D = Time resting spent in this place.
 E = Time spent auto-exploring this place.
 F = Levels seen in this place.
 G = Mean time per level.
                   A        B        C        D        E       F      G
               +--------+--------+--------+--------+--------+-----+--------+
         Total |    689 |    689 |      0 |    191 |      0 |   1 |  689.0 |
       Dungeon |    689 |    689 |      0 |    191 |      0 |   1 |  689.0 |
               +--------+--------+--------+--------+--------+-----+--------+

Top non-repeatable levels by time:
       D: 689 daAuts
